Cogmind - Beta 17 @@@ ROGUE MODE // 2026.07.04 @ 16:23:35 Player: President Manblast Result: Destroyed by H-77 Assassin with Coil Gun Performance ------------- Evolutions (6) 3000 Regions Visited (15) 3000 Robots Destroyed (268) 1340 Value Destroyed (10297) 10297 Prototype IDs (28) 560 Alien Tech Used (2) 400 Bonus (1056) 1056 TOTAL SCORE: 19653 Bonus ------- High Alert Combat Kills 387 Follower Combat Kills 369 Met Zhirov 300 Cogmind --------- Core Integrity 0/1150 Matter 284/300 Energy 99/100 System Corruption 4% Temperature Cool (0) Movement Core (50) Location -4/Extension Parts ------- > --- POWER (2) -------- (None) > --- PROPULSION (3) --- (None) > --- UTILITY (11) ----- Enhanced Optical Array Advanced Signal Interpreter Experimental Terrain Scan Processor Improved Targeting Computer Advanced Target Analyzer > --- WEAPON (3) ------- (None) > --- INVENTORY (5) ---- Advanced Terrain Scan Processor System Shield Plasma Rifle KE Penetrator Impact Mace Peak State ------------ > --- POWER ------------ Antimatter Reactor Heavy Antimatter Reactor > --- PROPULSION ------- Advanced Medium Treads Wheel Compact Wheel > --- UTILITY ---------- Improved Heat Sink Advanced Heat Sink Advanced Heat Sink Huge Storage Unit Enhanced Optical Array Advanced Sensor Array Advanced Signal Interpreter Experimental Terrain Scan Processor Improved Targeting Computer Advanced Target Analyzer Improved Transmission Jammer > --- WEAPON ----------- Gatling Laser Gatling Laser Wave Gun > --- INVENTORY -------- Neutrino Core Light Antimatter Reactor Medium Treads Compact Wheel Advanced Heat Sink Advanced Heat Sink Advanced Energy Well Advanced Weight Redist. System Advanced Terrain Scan Processor System Shield Gatling Laser Wave Gun Wave Gun Advanced Plasma Cannon KE Penetrator Mini Smartbomb Launcher Micro-nuke Launcher Molecular Deconstructor Impact Mace [Rating: 101] Favorites ----------- Power Improved Deuterium Engine Engine Improved Deuterium Engine Power Core Neutrino Core Reactor Heavy Antimatter Reactor Propulsion Wheel Treads Medium Treads Leg Carbon-fiber Leg Wheel Wheel Utility Large Storage Unit Device Advanced Heat Sink Storage Large Storage Unit Processor Improved Targeting Computer Hackware Authchip [Weapon] Protection Improved Light Armor Plating Weapon Gatling Laser Energy Gun Gatling Laser Energy Cannon Advanced Plasma Cannon Ballistic Gun Assault Rifle Ballistic Cannon Gauss Cannon Launcher Mini Smartbomb Launcher Special Weapon Molecular Deconstructor Impact Weapon Impact Mace Build | -11 -10 -10 -8 -7 -7 -7 -5 -5 -5 -5 -5 -5 -4 -4 -4 ------- Run | Yrd Mat Sub Mat Fac Sto Rec Fac Was Fac Upp Upp Zhi Pro Fac Ext Slots Evolved 12 | . . . 4 2 . . 4 . . . . . . 2 . Power 1 | . . . . . . . . . . . . . . 1 . Propulsion 1 | . . . . . . . 1 . . . . . . . . Utility 9 | . . . 4 2 . . 2 . . . . . . 1 . Weapon 1 | . . . . . . . 1 . . . . . . . . Parts Attached 184 | 7 14 1 15 23 14 7 21 1 44 1 2 1 4 18 11 Power 16 | 1 2 . 1 2 1 . 1 . 4 . . 1 . 1 2 Engine 6 | 1 . . . 2 1 . . . 2 . . . . . . Core 7 | . 2 . 1 . . . 1 . 2 . . . . . 1 Reactor 3 | . . . . . . . . . . . . 1 . 1 1 Propulsion 49 | 2 4 . 1 4 5 2 9 . 14 . 1 . . 3 4 Treads 17 | 2 2 . 1 2 4 2 1 . 1 . . . . 1 1 Leg 3 | . . . . . . . 2 . 1 . . . . . . Wheel 29 | . 2 . . 2 1 . 6 . 12 . 1 . . 2 3 Hover . | . . . . . . . . . . . . . . . . Flight . | . . . . . . . . . . . . . . . . Utility 78 | 2 4 1 8 11 4 4 10 1 16 . 1 . 3 12 1 Device 31 | 1 1 . 2 2 2 2 4 1 5 . 1 . 2 7 1 Storage 7 | 1 2 . . 1 . 1 . . 1 . . . . 1 . Processor 15 | . . . 3 4 . . 2 . 3 . . . . 3 . Hackware 4 | . . . . 1 . . 1 . 2 . . . . . . Protection 21 | . 1 1 3 3 2 1 3 . 5 . . . 1 1 . Artifact . | . . . . . . . . . . . . . . . . Weapon 41 | 2 4 . 5 6 4 1 1 . 10 1 . . 1 2 4 Energy Gun 18 | . . . . 1 2 1 1 . 9 . . . 1 1 2 Energy Cannon 1 | . . . . . . . . . . . . . . . 1 Ballistic Gun 11 | 2 2 . 3 3 . . . . . . . . . . 1 Ballistic Cannon 4 | . 1 . 1 2 . . . . . . . . . . . Launcher 4 | . . . 1 . 1 . . . 1 1 . . . . . Special Weapon 1 | . . . . . . . . . . . . . . 1 . Impact Weapon 2 | . 1 . . . 1 . . . . . . . . . . Slashing Weapon . | . . . . . . . . . . . . . . . . Piercing Weapon . | . . . . . . . . . . . . . . . . Special Melee Weapon . | . . . . . . . . . . . . . . . . Unidentified Prototypes 15 | . . . 2 1 4 1 . . 2 . 1 2 . 2 . Corrupted Parts 1 | . . . . . . . 1 . . . . . . . . System Corruption 4 | . . . . . . . 4 . . . . . . . . Parts Lost 74 | . 1 1 1 8 1 1 3 1 16 2 1 . 5 5 28 Power 7 | . . . 1 . . . . . 2 . . . . . 4 Propulsion 23 | . 1 1 . 3 . . 2 . 5 . 1 . 2 1 7 Utility 30 | . . . . 4 1 1 1 . 6 2 . . 3 4 8 Weapon 14 | . . . . 1 . . . 1 3 . . . . . 9 Highest Loss Streak 13 | . 1 1 1 2 1 1 2 1 3 2 1 . 5 2 13 To Critical Strikes 1 | . . 1 . . . . . . . . . . . . . Average Backups 13 | 5 14 13 14 14 14 13 12 15 14 14 13 14 13 13 11 Power 1 | . 1 1 . 1 1 1 1 1 . 1 1 1 1 1 . Propulsion . | 3 1 . . 1 1 1 . 1 1 1 . . . . . Utility 4 | . 6 6 4 3 4 3 2 3 4 4 4 5 4 4 3 Weapon 7 | 1 4 4 7 8 7 8 7 9 7 8 8 8 7 8 6 Tool/Special . | . . . . . . . . . . . . . . . . Unused Backups 41 | 1 8 . 7 8 2 1 2 . 6 . . 1 . . 5 Power 4 | . 1 . . 2 . . 1 . . . . . . . . Propulsion 6 | . 2 . . 1 2 . . . 1 . . . . . . Utility 11 | . 3 . 1 1 . . . . 2 . . 1 . . 3 Weapon 17 | 1 2 . 5 4 . . 1 . 2 . . . . . 2 Tool/Special 3 | . . . 1 . . 1 . . 1 . . . . . . Average Slot Usage (%) 94 | . 99 99 95 99 99 92 92 87 97 93 94 94 90 91 72 Engine 2 | . 1 . 1 7 7 7 . . . . . . . . . Core 3 | . 12 14 7 . . . 4 5 4 5 5 3 . . 1 Reactor 1 | . . . . . . . . . . . . 1 5 9 3 Treads 7 | . 24 19 9 7 7 14 3 . . . . . . 2 3 Wheel 8 | . 2 8 9 6 7 . 7 17 16 17 17 17 14 10 4 Device 17 | . 6 12 12 15 19 21 17 22 22 22 17 17 18 26 13 Storage 7 | . 14 14 9 8 7 7 5 5 5 5 5 5 5 5 4 Processor 15 | . . . 17 24 15 15 14 17 18 17 17 17 17 18 26 Protection 8 | . 7 1 10 11 18 8 13 5 7 5 11 11 8 . . Energy Gun 9 | . . . . . 7 11 16 11 16 16 16 11 15 13 9 Ballistic Gun 5 | . 27 14 9 12 . . . . . . . . . . . Ballistic Cannon 1 | . . 12 8 1 7 . . . . . . . . . . Peak Build Rating 101 | 7 11 12 29 42 42 60 65 61 77 77 75 76 77 100 101 Average Rating 48 | 5 9 10 24 36 38 45 60 57 65 73 73 75 71 89 73 On Entrance 47 | . 7 10 12 27 39 41 46 61 58 74 72 75 75 68 100 Avg Prop Armor Cover (%) 5 | . 2 11 4 5 4 5 3 . 4 . . . . 5 8 Naked Turns . | . . . . . . . . . . . . . . . . Heaviest Build 141 | 14 49 33 63 67 61 63 75 78 86 71 71 81 81 141 132 Greatest Support 56 | 40 40 40 20 28 28 56 56 36 36 30 30 30 30 36 35 Greatest Overweight (x) 31 | . 1 1 3 6 6 5 24 2 3 2 2 2 5 6 31 Average Overweight (x) 1 | . . . 2 2 4 1 1 1 1 2 1 2 2 3 4 Largest Inventory Capacity 25 | 8 20 15 15 15 15 15 15 15 15 15 15 15 15 25 25 Average Capacity 15 | 7 15 15 15 15 15 15 15 15 15 15 15 15 15 20 22 Most Carried 20 | 8 19 15 15 15 15 15 15 15 15 15 15 15 15 20 20 Average Carried 14 | 5 14 14 14 14 14 14 13 15 14 14 14 15 14 14 11 Final Capacity 25 | 8 15 15 15 15 15 15 15 15 15 15 15 15 15 25 5 Final Carried 20 | 7 14 15 15 15 15 15 15 15 15 13 15 15 13 20 5 Class Distribution -------------------- 30% | Mutant 19% | Scavenger-Skirmisher 19% | Scavenger-Mutant 8% | Scavenger-Gunner 7% | Scavenger-Tank 7% | Skirmisher Dominant Class ---------------- Mutant | -10/Materials Mutant | -10/Subcaves Mutant | -8/Materials Mutant | -7/Factory Scavenger-Mutant | -7/Storage Scavenger-Mutant | -7/Recycling Scavenger-Gunner | -5/Factory Scavenger-Mutant | -5/Waste Scavenger-Skirmisher | -5/Factory Scavenger-Skirmisher | -5/Upper Caves Scavenger-Tank | -5/Upper Caves Scavenger-Mutant | -5/Zhirov Scavenger-Tank | -4/Proximity Caves Scavenger-Skirmisher | -4/Factory Scavenger-Skirmisher | -4/Extension Resources | -11 -10 -10 -8 -7 -7 -7 -5 -5 -5 -5 -5 -5 -4 -4 -4 ----------- Run | Yrd Mat Sub Mat Fac Sto Rec Fac Was Fac Upp Upp Zhi Pro Fac Ext Matter Collected 5455 | 288 723 55 675 1034 669 255 195 . 651 200 20 . 110 268 312 Remotely . | . . . . . . . . . . . . . . . . Salvage Created 11613 | 81 839 43 606 1339 484 585 1110 . 2567 270 356 . 887 1337 1109 Parts 491 | 6 54 1 40 75 27 20 51 . 108 18 10 . 31 28 22 Haulers Intercepted 9 | . 2 . 4 1 . . . . 1 . . . . 1 . Recyclers Shooed 11 | 1 . . . 1 . . . . 6 . . . . 2 1 Parts Field Recycled . | . . . . . . . . . . . . . . . . Retrieved Matter . | . . . . . . . . . . . . . . . . Parts Self-Destructed 60 | . . . . . . . . . . 14 9 . 37 . . Prevented . | . . . . . . . . . . . . . . . . Parts Restored . | . . . . . . . . . . . . . . . . Kills | -11 -10 -10 -8 -7 -7 -7 -5 -5 -5 -5 -5 -5 -4 -4 -4 ------- Run | Yrd Mat Sub Mat Fac Sto Rec Fac Was Fac Upp Upp Zhi Pro Fac Ext Combat Hostiles Destroyed 189 | . 16 1 14 19 10 9 15 . 41 13 7 . 16 17 11 Guns 135 | . 16 . 5 15 3 6 13 . 37 5 6 . 13 16 . Cannons 18 | . . 1 7 3 7 . . . . . . . . . . AOE 18 | . . . 2 . . 2 . . 2 6 . . . . 6 Classes Destroyed 19 | 1 4 1 2 4 1 . . . 1 . 2 . 3 . . Worker 20 | . 1 . 2 6 . . 4 . 3 . . . . 2 2 Builder 12 | . . . . 1 . . 3 . 7 . . . . . 1 Tunneler 8 | 3 . . . 2 . . 1 . 2 . . . . . . Hauler 9 | . 2 . 4 1 . . . . 1 . . . . 1 . Recycler 17 | . . . . 2 . 2 2 . 4 . . . . 3 4 Operator 4 | . . . . . 2 . 1 . . . . . . . 1 Drone 1 | . . . . . . . . . . . . . 1 . . Watcher 9 | . 2 . . . 1 . 2 . 4 . . . . . . Swarmer 34 | . . . 4 . . . 5 . 9 9 2 . 1 4 . Grunt 74 | . 16 . 9 7 4 2 2 . 16 . . . 4 5 9 Brawler 8 | . . . . . . . . . . . 3 . 5 . . Duelist 3 | . . . . . . . . . . . 1 . . 1 1 Protector 1 | . . . . . . . . . . . . . 1 . . Sentry 27 | . . . 1 4 6 2 5 . 3 1 1 . 1 3 . Specialist 1 | . . . . . . . . . . . . . 1 . . Hunter 6 | . . . . 2 . . 1 . 2 1 . . . . . Programmer 25 | . . . . 6 . . 2 . 10 1 . . 2 4 . Behemoth 3 | . . . . . . . . . 1 1 . . . . 1 Subdweller 6 | . . 1 . . . 5 . . . . . . . . . Best Kill Streak 10 | 1 5 1 6 5 6 4 5 . 10 5 7 . 8 7 5 Combat Bots Only 8 | . 5 1 4 3 5 4 5 . 5 5 7 . 8 4 4 Max Kills in Single Turn 4 | 1 2 1 2 2 1 1 2 . 4 2 2 . 1 1 2 Gunslinging 2 | . . . . . . . 1 . 2 1 1 . . . . Exploded 2 | . . . 2 . . 1 . . 2 2 . . . . 2 Melee . | . . . . . . . . . . . . . . . . Uniques/NPCs Destroyed . | . . . . . . . . . . . . . . . . Combat | -11 -10 -10 -8 -7 -7 -7 -5 -5 -5 -5 -5 -5 -4 -4 -4 -------- Run | Yrd Mat Sub Mat Fac Sto Rec Fac Was Fac Upp Upp Zhi Pro Fac Ext Hostile Shots Fired 1301 | . 76 29 70 226 134 112 63 2 190 34 22 . 59 74 210 Missed 442 | . 18 11 19 81 50 42 19 . 70 7 6 . 26 20 73 Hits 859 | . 58 18 51 145 84 70 44 2 120 27 16 . 33 54 137 Melee 7 | . . . . . . . . 2 . . 2 . 1 1 1 Projectile 852 | . 58 18 51 145 84 70 44 . 120 27 14 . 32 53 136 AOE 5 | . . . . . . . 2 . . . . . . 3 . Critical Strikes 29 | . 1 2 . 2 1 . . . 7 1 . . 2 5 8 Damage Taken 13966 | . 737 371 641 1681 668 831 1054 69 2084 560 430 . 715 1302 2823 Core 2379 | . 154 82 66 282 54 70 18 . 210 85 30 . 163 229 936 Absorbed by Shields 110 | . . . . . . . . . 110 . . . . . . Ignored by Resistances 101 | . . . 35 58 . . . . 8 . . . . . . Regen/Repaired (Parts) 465 | . 146 . . 37 122 . . . . . . . . 160 . Core Remaining (%) 56 | 100 . 5 88 . . 42 . . . . . . 49 . . Volleys Fired 565 | 9 70 19 49 80 32 26 44 . 88 17 9 . 28 44 50 Largest 3 | 2 2 2 2 2 2 2 3 . 3 3 3 . 3 3 3 Hottest 259 | 40 50 50 63 105 136 141 240 . 240 240 240 . 240 241 259 Shots Fired 1311 | 18 140 39 97 161 58 43 118 . 251 39 27 . 81 129 110 Gun 1159 | 18 140 20 56 152 15 38 118 . 251 33 27 . 81 129 81 Cannon 130 | . . 19 40 9 43 . . . . . . . . . 19 Launcher 20 | . . . 1 . . 5 . . . 6 . . . . 8 Special 2 | . . . . . . . . . . . . . . . 2 Kinetic 495 | 18 140 39 96 155 43 . . . . . . . . . 4 Thermal 794 | . . . . 6 15 38 118 . 251 33 27 . 81 129 96 Explosive 15 | . . . 1 . . . . . . 6 . . . . 8 Electromagnetic 5 | . . . . . . 5 . . . . . . . . . Robot Hit Streak 39 | 5 22 14 8 12 8 28 25 . 39 16 15 . 25 26 33 Robot Miss Streak 5 | 3 3 1 2 3 5 4 2 . 4 3 2 . 4 3 4 Penetration Max 1 | . . . . 1 1 . . . . . . . . . . Secondary Targets 27 | . 1 . 1 2 . . 3 . 10 1 1 . 6 1 1 Max Gunslinging Chain 2 | . 1 . 1 1 . . 1 . 2 1 1 . 1 1 1 Shots Hit Robots 1006 | 8 91 32 71 116 37 34 93 . 211 29 27 . 71 100 86 Core Hits 757 | 4 41 2 28 54 25 30 87 . 198 35 29 . 76 93 55 Critical Kills 4 | . 1 . . 3 . . . . . . . . . . . Critical Parts Destroyed 1 | . 1 . . . . . . . . . . . . . . Critical Strikes 34 | . 2 . 7 4 10 . 3 . . . . . . 5 3 Burn 12 | . . . . . 1 . 3 . . . . . . 5 3 Destroy 5 | . 2 . . 3 . . . . . . . . . . . Blast 17 | . . . 7 1 9 . . . . . . . . . . Melee Attacks 21 | . 1 4 . 3 2 1 . . 4 . 1 . 1 4 . Impact 21 | . 1 4 . 3 2 1 . . 4 . 1 . 1 4 . Slashing . | . . . . . . . . . . . . . . . . Piercing . | . . . . . . . . . . . . . . . . Sneak Attacks . | . . . . . . . . . . . . . . . . Combat Hostiles . | . . . . . . . . . . . . . . . . Follow-up Attacks . | . . . . . . . . . . . . . . . . Damage Inflicted 26978 | 79 1167 129 1595 2585 1156 1103 2438 . 6225 1445 754 . 1903 2923 3476 Guns 21643 | 79 1167 56 512 2384 260 730 2438 . 5747 743 754 . 1903 2923 1947 Cannons 2445 | . . 73 959 192 896 . . . . . . . . . 325 Explosions 2863 | . . . 112 . . 373 . . 472 702 . . . . 1204 Melee . | . . . . . . . . . . . . . . . . Ramming 27 | . . . 12 9 . . . . 6 . . . . . . Kinetic 6193 | 79 1167 129 1471 2400 896 . . . . . . . . . 51 Thermal 18429 | . . . . 176 260 792 2438 . 6219 743 754 . 1903 2923 2221 Explosive 2018 | . . . 112 . . . . . . 702 . . . . 1204 Electromagnetic 311 | . . . . . . 311 . . . . . . . . . Impact . | . . . . . . . . . . . . . . . . Slashing . | . . . . . . . . . . . . . . . . Piercing . | . . . . . . . . . . . . . . . . Highest Corruption 5 | . 2 2 . 5 5 5 4 . 5 1 . . 3 4 4 Average Corruption 3 | . 1 2 . 3 5 5 3 . 4 1 . . 2 2 4 Corruption Purged 13 | . . . . . . . 4 . 8 1 . . . . . Corruption Blocked . | . . . . . . . . . . . . . . . . Effects 255 | . 12 12 . 45 36 67 3 . 41 . . . 3 15 21 Message Errors 66 | . 5 5 . 10 9 20 1 . 9 . . . 1 3 3 Matter Fused 55 | . 2 1 . 10 8 14 . . 9 . . . 1 3 7 Heat Flow Errors 38 | . 1 1 . 10 6 6 2 . 4 . . . . 4 4 Energy Discharges 28 | . 1 2 . 2 3 12 . . 5 . . . . 1 2 Parts Rejected 4 | . . . . 4 . . . . . . . . . . . Parts Fused 4 | . 1 . . . . 1 . . 1 . . . . 1 . Data Loss (minor) 30 | . 2 2 . 3 6 8 . . 5 . . . 1 1 2 Data Loss (major) 6 | . . . . 2 . 3 . . 1 . . . . . . Misfires 11 | . . 1 . 2 1 2 . . 4 . . . . . 1 Alerts 8 | . . . . 1 1 1 . . 3 . . . . 1 1 Weapon Failures 5 | . . . . 1 2 . . . . . . . . 1 1 Overload Shots . | . . . . . . . . . . . . . . . . Overflow Damage 274 | . . . . . 12 30 . . 204 14 . . . . 14 Projectiles 26 | . . . . . 12 . . . . . . . . . 14 Explosions 248 | . . . . . . 30 . . 204 14 . . . . . Melee . | . . . . . . . . . . . . . . . . Knockbacks 12 | . . 1 10 1 . . . . . . . . . . . Impact . | . . . . . . . . . . . . . . . . Kinetic 11 | . . 1 9 1 . . . . . . . . . . . Secondary 1 | . . . 1 . . . . . . . . . . . . Self-Inflicted Damage 49 | . . . . . . 9 . . 39 . . . . . 1 Shots 3 | . . . . . . 1 . . 1 . . . . . 1 Rammed 5 | . . . 1 3 . . . . 1 . . . . . . Targets Rammed 6 | . . . 1 4 . . . . 1 . . . . . . Kicked . | . . . . . . . . . . . . . . . . Crushed 1 | . . . . 1 . . . . . . . . . . . Highest Temperature 431 | . 205 220 69 271 225 373 330 . 347 381 318 . 298 174 431 Average Temperature 85 | . 27 125 21 76 61 134 113 . 76 126 113 . 99 28 145 Received Heat Transfer 2769 | . 429 108 306 261 183 273 189 . 351 48 81 . 147 126 267 Effects 13 | . . . . . . 5 4 . . 2 . . 1 . 1 Shutdowns 3 | . . . . . . 1 . . . 1 . . . . 1 Energy Bleed 1 | . . . . . . . . . . . . . 1 . . Interference 6 | . . . . . . 3 3 . . . . . . . . Short Circuit 2 | . . . . . . 1 1 . . . . . . . . Damage (minor) 1 | . . . . . . . . . . 1 . . . . . Siege Activations . | . . . . . . . . . . . . . . . . Martial Activations . | . . . . . . . . . . . . . . . . Shielding Activations . | . . . . . . . . . . . . . . . . Robots Disrupted . | . . . . . . . . . . . . . . . . Combat Hostiles . | . . . . . . . . . . . . . . . . Robots Corrupted 1 | . . . . . . 1 . . . . . . . . . Combat Hostiles 1 | . . . . . . 1 . . . . . . . . . Parts Fried 1 | . . . . . . 1 . . . . . . . . . Impact Corruptions . | . . . . . . . . . . . . . . . . Robots Melted 18 | . . . . 1 . . 2 . 2 2 1 . 3 1 6 Combat Hostiles 17 | . . . . 1 . . 2 . 2 2 1 . 3 1 5 Parts Melted 106 | . . . . 2 . 4 23 . 34 4 1 . 13 20 5 Heat Transferred 38700 | . . . . 400 411 1419 5541 . 12775 1575 1700 . 3861 6524 4494 Parts Sabotaged . | . . . . . . . . . . . . . . . . Parts Stolen . | . . . . . . . . . . . . . . . . Parts Stripped . | . . . . . . . . . . . . . . . . Power Chain Reactions 1 | . . . . . . 1 . . . . . . . . . Alert | -11 -10 -10 -8 -7 -7 -7 -5 -5 -5 -5 -5 -5 -4 -4 -4 ------- Run | Yrd Mat Sub Mat Fac Sto Rec Fac Was Fac Upp Upp Zhi Pro Fac Ext Maximum Alert Level 3 | . 1 . . 1 1 . 1 . 3 . . . . 2 1 Low Security (%) 68 | 100 60 . 100 89 98 100 4 100 48 . . . . . 98 Level 1 22 | . 39 . . 10 1 . 95 . 16 . . . . 62 1 Level 2 5 | . . . . . . . . . 12 . . . . 37 . Level 3 3 | . . . . . . . . . 22 . . . . . . Level 4 . | . . . . . . . . . . . . . . . . Level 5 . | . . . . . . . . . . . . . . . . High Security . | . . . . . . . . . . . . . . . . Max Security . | . . . . . . . . . . . . . . . . Peak Influence 804 | 5 259 . 180 284 205 101 301 92 804 . . . . 519 203 Initial 519 | . . . . 76 116 43 250 92 29 . . . . 519 203 Average 140 | . 103 . 35 68 108 7 246 68 299 . . . . 388 64 Influence Increases 7185 | 15 520 . 454 718 770 230 924 . 1359 310 140 . 315 975 455 Destroy 0b10 Robot/C 3820 | . 320 . 280 380 380 80 300 . 820 260 140 . 280 340 240 Destroy 0b10 Robot/NC 420 | 15 25 . 30 60 25 10 65 . 105 . . . 15 30 40 Destroy Leader 836 | . 78 . 48 142 122 . 94 . 180 50 . . 20 82 20 Allied During Kill 137 | . . . . . 135 . . . . . . . . . 2 Successful Hack 173 | . 6 . 17 50 43 . . . 35 . . . . 16 6 Select Force Hacks 120 | . . . . . . 120 . . . . . . . . . Disable Machine 255 | . 15 . 15 30 30 15 15 . 105 . . . . 15 15 Anti-Garrison Action 200 | . . . . . . . 200 . . . . . . . . Destroy Structure 254 | . 1 . 19 11 20 5 . . 54 . . . . 12 132 Advance Influence 700 | . . . . . . . 250 . . . . . . 450 . Partial Spotted 60 | . . . . 30 15 . . . 15 . . . . . . Lose Combat Pursuer 210 | . 75 . 45 15 . . . . 45 . . . . 30 . Influence Decreases 7134 | 15 326 194 286 629 915 342 660 222 611 639 313 288 204 670 820 Entered New Map 1506 | . . 94 . 92 141 69 . 172 13 293 89 288 . 42 213 Time Decay 4355 | 15 316 100 276 457 414 263 530 40 472 326 214 . 114 478 340 Search Patrol Dispatched 200 | . . . . . . . 100 . . . . . . 100 . Lost Part 663 | . 10 . 10 80 10 10 30 10 126 20 10 . 50 50 247 Lost Ally 260 | . . . . . 200 . . . . . . . 40 . 20 Purge Threat 150 | . . . . . 150 . . . . . . . . . . Squads Dispatched 48 | . 3 . 1 9 4 . 7 . 14 . 1 . 1 4 4 Investigation 11 | . 2 . . 2 . . 2 . 5 . . . . . . Extermination 17 | . . . . 5 2 . 2 . 5 . . . . 3 . Reinforcement 14 | . 1 . 1 2 1 . 1 . 3 . . . . 1 4 Assault 3 | . . . . . . . . . 1 . 1 . 1 . . Garrison 3 | . . . . . 1 . 2 . . . . . . . . Intercept . | . . . . . . . . . . . . . . . . Searches Triggered 2 | . . . . . . . 1 . . . . . . 1 . Construction Impeded 3 | . . . . . . . . . . . . . . . 3 Haulers Reinforced 3 | . . . . 1 . . . . 1 . . . . 1 . Active Scanning Responses . | . . . . . . . . . . . . . . . . Cargo Convoy Interrupts 1 | . . . . 1 . . . . . . . . . . . Stealth | -11 -10 -10 -8 -7 -7 -7 -5 -5 -5 -5 -5 -5 -4 -4 -4 --------- Run | Yrd Mat Sub Mat Fac Sto Rec Fac Was Fac Upp Upp Zhi Pro Fac Ext Distress Signals 10 | . 2 . 1 1 2 . . . 2 . . . 1 . 1 Communications Jammed 24 | . . . . . . . . . 24 . . . . . . Distress Signals 19 | . . . . . . . . . 19 . . . . . . Times Spotted 269 | . 28 2 26 32 17 8 21 5 62 9 7 . 17 19 16 Peak Tracking Total 7 | . 5 2 6 3 5 4 4 5 6 5 7 . 7 4 4 Tactical Retreats 13 | . 4 . 3 1 . 1 . . 2 . . . . 2 . Traps | -11 -10 -10 -8 -7 -7 -7 -5 -5 -5 -5 -5 -5 -4 -4 -4 ------- Run | Yrd Mat Sub Mat Fac Sto Rec Fac Was Fac Upp Upp Zhi Pro Fac Ext Traps Triggered 14 | . 3 . . 4 1 . 1 . 5 . . . . . . Indirectly . | . . . . . . . . . . . . . . . . Trap Hack Attempts . | . . . . . . . . . . . . . . . . Triggered . | . . . . . . . . . . . . . . . . Disarmed . | . . . . . . . . . . . . . . . . Reprogrammed . | . . . . . . . . . . . . . . . . Reused . | . . . . . . . . . . . . . . . . Traps Extracted . | . . . . . . . . . . . . . . . . Installed . | . . . . . . . . . . . . . . . . Triggered . | . . . . . . . . . . . . . . . . Machines | -11 -10 -10 -8 -7 -7 -7 -5 -5 -5 -5 -5 -5 -4 -4 -4 ---------- Run | Yrd Mat Sub Mat Fac Sto Rec Fac Was Fac Upp Upp Zhi Pro Fac Ext Machines Disabled 18 | . 1 . 1 2 2 1 1 . 7 . 1 . . 1 1 Max in Single Turn 5 | . 1 . 1 1 1 1 1 . 5 . 1 . . 1 1 Garrison Access 4 | . . . 1 1 1 . 1 . . . . . . . . Machines Repaired . | . . . . . . . . . . . . . . . . Machines Dismantled . | . . . . . . . . . . . . . . . . Machines Sabotaged . | . . . . . . . . . . . . . . . . Overloaded Fab Kills . | . . . . . . . . . . . . . . . . Hacking | -11 -10 -10 -8 -7 -7 -7 -5 -5 -5 -5 -5 -5 -4 -4 -4 --------- Run | Yrd Mat Sub Mat Fac Sto Rec Fac Was Fac Upp Upp Zhi Pro Fac Ext Machines Accessed 75 | . 6 . 5 9 9 11 5 . 19 . . 5 . 5 1 Terminals 35 | . 3 . 3 3 6 6 2 . 8 . . . . 3 1 Fabricators 8 | . . . . 2 . . 1 . 5 . . . . . . Repair Stations 5 | . 1 . . 1 2 . . . . . . . . 1 . Recycling Units 11 | . 2 . . 1 . 4 1 . 2 . . . . 1 . Scanalyzers 5 | . . . 1 1 . . . . 3 . . . . . . Garrison Access 5 | . . . 1 1 1 . 1 . 1 . . . . . . Total Hacks 202 | . 22 . 13 28 21 25 12 . 46 . . 18 . 15 2 Successful 124 | . 13 . 9 20 13 15 4 . 22 . . 18 . 9 1 Failed 78 | . 9 . 4 8 8 10 8 . 24 . . . . 6 1 Catastrophic 13 | . . . 1 1 . 3 2 . 4 . . . . 2 . Database Lockouts . | . . . . . . . . . . . . . . . . Manual 70 | . 9 . 6 3 5 10 6 . 20 . . . 1 8 2 Terminals 84 | . 8 . 8 9 16 13 4 . 16 . . . . 8 2 Fabricators 21 | . . . . 5 . . 2 . 14 . . . . . . Repair Stations 22 | . 9 . . 3 4 . . . . . . . . 6 . Recycling Units 22 | . 5 . . 1 . 9 2 . 4 . . . . 1 . Scanalyzers 20 | . . . 3 8 . . . . 9 . . . . . . Garrison Access 12 | . . . 2 2 1 . 4 . 3 . . . . . . Terminal Hacks 39 | . . . 3 2 7 5 . . 2 . . 18 . 2 . Record 8 | . . . 1 . . 1 . . . . . 6 . . . Part Schematic 4 | . . . . . . . . . . . . 4 . . . Robot Analysis 4 | . . . . . . . . . . . . 4 . . . Prototype ID Bank 6 | . . . . . 2 . . . . . . 4 . . . Open Door 3 | . . . . . 2 . . . . . . . . 1 . Open DSF 2 | . . . . 1 . . . . 1 . . . . . . Branch Access Points 3 | . . . 1 1 . . . . 1 . . . . . . Terminal Index 1 | . . . . . . . . . . . . . . 1 . Alert Level 1 | . . . . . . 1 . . . . . . . . . Unreport Threat 1 | . . . . . 1 . . . . . . . . . . Locate Traps 2 | . . . . . 2 . . . . . . . . . . Hauler Manifests 1 | . . . 1 . . . . . . . . . . . . Zone Layout 1 | . . . . . . 1 . . . . . . . . . Release Object 2 | . . . . . . 2 . . . . . . . . . Fabricator Hacks 14 | . . . . 4 . . 2 . 8 . . . . . . Network Status 3 | . . . . 1 . . . . 2 . . . . . . Load Schematic 7 | . . . . 2 . . 1 . 4 . . . . . . Build 4 | . . . . 1 . . 1 . 2 . . . . . . Repair Station Hacks 15 | . 7 . . 2 2 . . . . . . . . 4 . Scan Component 8 | . 4 . . 1 1 . . . . . . . . 2 . Repair 7 | . 3 . . 1 1 . . . . . . . . 2 . Recycling Unit Hacks 7 | . 2 . . . . 4 . . 1 . . . . . . Report Inventory 4 | . . . . . . 3 . . 1 . . . . . . Retrieve Components 3 | . 2 . . . . 1 . . . . . . . . . Scanalyzer 17 | . . . 3 8 . . . . 6 . . . . . . Insert Component 3 | . . . . 1 . . . . 2 . . . . . . Analyze 5 | . . . . 2 . . . . 3 . . . . . . Retrieve Study 9 | . . . 3 5 . . . . 1 . . . . . . Garrison Access Hacks 3 | . . . 1 1 1 . . . . . . . . . . Seal Access 3 | . . . 1 1 1 . . . . . . . . . . Unauthorized Hacks 29 | . 4 . 2 3 3 6 2 . 5 . . . . 3 1 Terminals 17 | . 3 . 2 . 3 2 1 . 2 . . . . 3 1 Track 1 | . 1 . . . . . . . . . . . . . . Assimilate 1 | . . . . . . . . . . . . . . . 1 Botnet 12 | . 2 . 2 . 2 2 1 . 1 . . . . 2 . Operators 3 | . . . . . 1 . . . 1 . . . . 1 . Fabricators 3 | . . . . 1 . . . . 2 . . . . . . Recompile 3 | . . . . 1 . . . . 2 . . . . . . Repair Stations 1 | . . . . 1 . . . . . . . . . . . Mechanics 1 | . . . . 1 . . . . . . . . . . . Recycling Units 7 | . 1 . . 1 . 4 . . 1 . . . . . . Reject 3 | . 1 . . 1 . . . . 1 . . . . . . Tunnel 4 | . . . . . . 4 . . . . . . . . . Scanalyzers . | . . . . . . . . . . . . . . . . Garrison Access 1 | . . . . . . . 1 . . . . . . . . Jam 1 | . . . . . . . 1 . . . . . . . . Data Cores Recovered 1 | . . . . . 1 . . . . . . . . . . Used . | . . . . . . . . . . . . . . . . Hacking Detections 54 | . 4 . 5 5 9 8 4 . 15 . . . . 4 . Full Trace Events 4 | . 1 . . . . 1 1 . 1 . . . . . . Feedback Events . | . . . . . . . . . . . . . . . . Feedback Blocked . | . . . . . . . . . . . . . . . . Robot Schematics Acquired . | . . . . . . . . . . . . . . . . Robots Built . | . . . . . . . . . . . . . . . . Authchips . | . . . . . . . . . . . . . . . . Time . | . . . . . . . . . . . . . . . . Total Robot Build Rating . | . . . . . . . . . . . . . . . . Part Schematics Acquired 7 | . . . . 1 . . . . 2 . . 4 . . . Parts Built 8 | . . . . 2 . . 2 . 4 . . . . . . Authchips 4 | . . . . 1 . . 1 . 2 . . . . . . Time 196 | . . . . 84 . . 28 . 84 . . . . . . Total Part Build Rating 32 | . . . . 8 . . 8 . 16 . . . . . . Part Studies Acquired 9 | . . . 3 5 . . . . 1 . . . . . . Parts Repaired 7 | . 3 . . 1 1 . . . . . . . . 2 . Time 207 | . 78 . . 22 19 . . . . . . . . 88 . Parts Recycled . | . . . . . . . . . . . . . . . . Recycled Matter . | . . . . . . . . . . . . . . . . Retrieved Matter . | . . . . . . . . . . . . . . . . Retrieved Components 21 | . 11 . . . . 10 . . . . . . . . . Parts Scanalyzed 3 | . . . . 1 . . . . 2 . . . . . . Part Schematics Acquired 3 | . . . . 1 . . . . 2 . . . . . . Parts Damaged . | . . . . . . . . . . . . . . . . Bothacking | -11 -10 -10 -8 -7 -7 -7 -5 -5 -5 -5 -5 -5 -4 -4 -4 ------------ Run | Yrd Mat Sub Mat Fac Sto Rec Fac Was Fac Upp Upp Zhi Pro Fac Ext Used RIF Installer . | . . . . . . . . . . . . . . . . Robots Hacked . | . . . . . . . . . . . . . . . . Non-combat . | . . . . . . . . . . . . . . . . Combat . | . . . . . . . . . . . . . . . . Robot Hacks Applied . | . . . . . . . . . . . . . . . . Relay Couplers Released . | . . . . . . . . . . . . . . . . Fabnet Peak Effective % . | . . . . . . . . . . . . . . . . Robots Rewired 6 | . . . . . . . . . . . 2 . 2 . 2 Allies Hacked . | . . . . . . . . . . . . . . . . Hacks Repelled . | . . . . . . . . . . . . . . . . Allies | -11 -10 -10 -8 -7 -7 -7 -5 -5 -5 -5 -5 -5 -4 -4 -4 -------- Run | Yrd Mat Sub Mat Fac Sto Rec Fac Was Fac Upp Upp Zhi Pro Fac Ext Total Allies 16 | . . . . . 10 . . . . . 2 . 2 . 2 Largest Group 10 | . . . . . 10 . . . . . 2 1 2 . 1 Highest-Rated Group 173 | . . . . . 173 . . . . . 79 30 98 . 46 Highest-Rated Ally 49 | . . . . . 29 . . . . . 49 30 49 . 46 Total Orders 2 | . . . . . . . . . . . . . . 2 . EXPLORE 2 | . . . . . . . . . . . . . . 2 . Ally Attacks 90 | . . . . . 82 . . . . . . . 5 . 3 Total Damage 1179 | . . . . . 980 . . . . . . . 114 . 85 Kills 13 | . . . . . 11 . . . . . . . 1 . 1 Allies Corrupted . | . . . . . . . . . . . . . . . . Allies Melted . | . . . . . . . . . . . . . . . . Intel | -11 -10 -10 -8 -7 -7 -7 -5 -5 -5 -5 -5 -5 -4 -4 -4 ------- Run | Yrd Mat Sub Mat Fac Sto Rec Fac Was Fac Upp Upp Zhi Pro Fac Ext Active Infowar (turns) 17022 | 80 776 719 834 2259 1050 2776 1482 91 2788 729 454 168 557 1224 1035 Optics 6700 | . . . . 340 . . . . 2193 729 454 168 557 1224 1035 Sensors 14458 | . 339 719 834 1873 1050 2776 1480 91 2691 650 . . . 1106 849 IFF 2 | . . . . . . . 2 . . . . . . . . Seismic 517 | 80 437 . . . . . . . . . . . . . . T.N.C. 1158 | . . . . 1158 . . . . . . . . . . . Jamming 956 | . . . . . . . . . 886 . . . . . 70 Robot Analysis Total 4 | . . . . . . . . . . . . 4 . . . Derelict Logs Recovered 5 | . . 2 . . . . . . . 1 . . 2 . . Drone Launches 4 | . . . . . . . . . . . . . . 4 . Drone Recoveries 4 | . . . . . . . . . . . . . . 4 . Exploration | -11 -10 -10 -8 -7 -7 -7 -5 -5 -5 -5 -5 -5 -4 -4 -4 ------------- Run | Yrd Mat Sub Mat Fac Sto Rec Fac Was Fac Upp Upp Zhi Pro Fac Ext Turns Passed 18981 | 206 1754 800 1137 2680 1050 2825 1483 91 2788 729 454 168 557 1224 1035 Spaces Moved 9866 | 100 745 555 531 1273 478 1131 575 95 1890 643 361 156 420 546 367 Core 109 | 2 . . . . . . 2 . . . . . . . 105 Treads 2747 | 98 667 149 135 417 106 1104 56 . . . . . . . 15 Legs 165 | . . . . . . . 165 . . . . . . . . Wheels 6845 | . 78 406 396 856 372 27 352 95 1890 643 361 156 420 546 247 Hover . | . . . . . . . . . . . . . . . . Flight . | . . . . . . . . . . . . . . . . Fastest Speed 50 | 50 105 115 120 120 145 130 91 91 85 100 85 100 100 110 50 Average Speed 147 | 157 170 127 167 166 168 236 165 93 94 100 99 100 106 133 208 Slowest Speed 1600 | 160 240 240 280 240 280 240 1250 106 115 100 100 100 145 160 1600 Overloaded Moves . | . . . . . . . . . . . . . . . . Propulsion Burnouts . | . . . . . . . . . . . . . . . . Robots Hopped . | . . . . . . . . . . . . . . . . Potential Cave-ins . | . . . . . . . . . . . . . . . . Cave-ins Triggered . | . . . . . . . . . . . . . . . . Exploration Rate (%) 49 | 5 94 31 33 26 59 98 16 82 48 78 42 63 66 15 31 Regions Visited 15 Branch Regions 8 Pre-discovered Areas 8 | . . . . . . 4 . . . . . 3 1 . . Known Exits Taken 10 | . . . 1 1 1 1 . . 1 1 1 1 1 1 . Unknown Exits Taken 3 | 1 1 1 . . . . . . . . . . . . . Scrap Searched 3 | . . . . . . . . . . . 2 . 1 . . Spaces Dug 16 | . . 1 . 2 3 1 . . 2 . . . 1 3 3 Terrain Destroyed 227 | . 1 1 17 9 20 6 . . 26 66 . . 1 3 77 Melee 11 | . . 1 . 2 1 1 . . 2 . . . 1 3 . Projectile 46 | . 1 . 8 7 19 . . . . . . . . . 11 AOE 170 | . . . 9 . . 5 . . 24 66 . . . . 66 Terrain Rammed . | . . . . . . . . . . . . . . . . Walls Destroyed . | . . . . . . . . . . . . . . . . Machines Disabled . | . . . . . . . . . . . . . . . . Actions | -11 -10 -10 -8 -7 -7 -7 -5 -5 -5 -5 -5 -5 -4 -4 -4 --------- Run | Yrd Mat Sub Mat Fac Sto Rec Fac Was Fac Upp Upp Zhi Pro Fac Ext Total 13114 | 129 1094 601 693 1705 659 1232 991 97 2692 699 432 168 469 916 537 Wait 2022 | 5 221 17 47 263 106 47 323 . 566 34 36 6 4 276 71 Move 9853 | 99 744 554 530 1273 477 1130 575 94 1889 642 360 155 419 545 367 Hop . | . . . . . . . . . . . . . . . . Pick Up 142 | 8 19 2 20 25 7 4 10 1 30 . 1 1 1 12 1 Fast Attach 70 | 7 3 . 1 8 3 6 10 1 11 . 2 2 2 11 3 Attach 78 | . 2 1 9 14 2 2 6 . 17 2 1 . 2 8 12 Detach 6 | . . . . 2 . . . . 1 . . . . 3 . Swap 135 | . 17 4 16 13 16 6 9 . 34 4 2 2 2 7 3 Drop 145 | 1 17 . 20 21 13 10 14 1 35 . 1 2 3 6 1 Fire 565 | 9 70 19 49 80 32 26 44 . 88 17 9 . 28 44 50 Melee 21 | . 1 4 . 3 2 1 . . 4 . 1 . 1 4 . Ram 1 | . . . . . . . . . 1 . . . . . . Kick . | . . . . . . . . . . . . . . . . Crush 4 | . . . 1 3 . . . . . . . . . . . Escape Stasis 16 | . . . . . . . . . 16 . . . . . . Rewire 56 | . . . . . 1 . . . . . 19 . 7 . 29 Trap . | . . . . . . . . . . . . . . . . Miscellaneous . | . . . . . . . . . . . . . . . . Route ------- -11/Scrapyard -10/Materials (discovered 5 exits: [*Mat x3] / [*Min] / [*Sub]) -10/Subcaves -8/Materials (discovered 2 exits: *Fac x2) -7/Factory (discovered 3 exits: *Sto / Low x2) -7/Storage -7/Recycling -5/Factory -5/Waste -5/Factory (discovered 3 exits: *Fac / *Upp x2) -5/Upper Caves -5/Upper Caves -5/Zhirov -4/Proximity Caves -4/Factory (discovered 3 exits: *Res x2 / *Ext) -4/Extension History --------- Turn | Location | Event 21 | -11/Scrapyard | Discovered new exit (range 15) 207 | -11/Scrapyard | Entered Materials 306 | -10/Materials | Build established: Mutant 560 | -10/Materials | Discovered new exit (range 6) 1007 | -10/Materials | Derelicts attacked the area 1211 | -10/Materials | Core integrity fell below 50% 1315 | -10/Materials | Discovered new exit (range 11) 1501 | -10/Materials | Discovered new exit (range 16) 1676 | -10/Materials | Discovered new exit (range 11) 1686 | -10/Materials | Discovered new exit (range 8) 1814 | -10/Materials | Repaired Lgt. Treads 1841 | -10/Materials | Repaired Assault Rifle 1869 | -10/Materials | Repaired Lgt. Treads 1961 | -10/Materials | Entered Subcaves 2088 | -10/Subcaves | Shifting Twisted Machinery released Scrap Shield 2191 | -10/Subcaves | Shifting Twisted Machinery released Sub. Beam Cannon 2225 | -10/Subcaves | Core integrity fell below 20% 2324 | -10/Subcaves | Discovered new exit (range 5) 2338 | -10/Subcaves | Learned 4 Materials zone layouts 2469 | -10/Subcaves | Learned 2 Materials zone layouts 2593 | -10/Subcaves | Shifting Twisted Machinery released Flamer 2761 | -10/Subcaves | Entered Materials 2761 | -8/Materials | Evolved 4 slots: Utility x4 2762 | -8/Materials | Identified exit to Factory 3792 | -8/Materials | Discovered exit to Factory (range 5) 3898 | -8/Materials | Entered Factory 3898 | -7/Factory | Evolved 2 slots: Utility x2 3941 | -7/Factory | Identified exit to DSF 4188 | -7/Factory | Build established: Skirmisher 4543 | -7/Factory | Build established: Mutant 5160 | -7/Factory | Cargo convoy interrupted 5493 | -7/Factory | Repaired Gatling Laser+ 5633 | -7/Factory | Build established: Skirmisher 5953 | -7/Factory | Identified exit to Storage 5953 | -7/Factory | Identified exit to Lower Caves 6022 | -7/Factory | Fabricated Gatling Laser? 6569 | -7/Factory | Build established: Mutant 6578 | -7/Factory | Entered Storage 6688 | -7/Storage | Garrison activated, responded to threat 6871 | -7/Storage | Build established: Scavenger-Mutant 6903 | -7/Storage | Assisted by bots powering up and referring to "LRC-V3" 7228 | -7/Storage | Build established: Commander-Mutant 7310 | -7/Storage | Lost 4 allies 7314 | -7/Storage | Repaired Imp. Light Armor Plating 7439 | -7/Storage | Used back door to open Recycling access 7439 | -7/Storage | Discovered new exit (range 5) 7444 | -7/Storage | Identified exit to Recycling 7581 | -7/Storage | Build established: Scavenger-Mutant 7628 | -7/Storage | Entered Recycling 7686 | -7/Recycling | Core integrity fell below 50% 8548 | -7/Recycling | Discovered new exit (range 8) 9664 | -7/Recycling | Entered Scraplab 9933 | -7/Recycling | Build established: Mutant 10323 | -7/Recycling | Found Prototype Device 10323 | -7/Recycling | Identified Scrap Engine 10450 | -7/Recycling | Identified exit to Factory 10453 | -7/Recycling | Entered Factory 10453 | -5/Factory | Evolved 4 slots: Propulsion x1, Utility x2, Weapon x1 10632 | -5/Factory | Garrison activated, responded to threat 10753 | -5/Factory | Search patrols dispatched 10768 | -5/Factory | Build established: Scavenger-Tank 10850 | -5/Factory | Discovered new exit (range 11) 10874 | -5/Factory | Identified exit to Upper Caves 11335 | -5/Factory | Build established: Scavenger-Gunner 11728 | -5/Factory | Fabricated Gatling Laser (x2) 11936 | -5/Factory | Sucked down chute 11936 | -5/Factory | Entered Waste 11961 | -5/Waste | Spotted C-40 Crusher 11962 | -5/Waste | Spotted C-40 Crusher 11967 | -5/Waste | Spotted C-40 Crusher 11977 | -5/Waste | Spotted C-40 Crusher 11978 | -5/Waste | Crushed by Compactor (1 part destroyed, 1 dropped) 11981 | -5/Waste | Spotted C-40 Crusher 11992 | -5/Waste | Crushed by Compactor (0 parts destroyed, 1 dropped) 12006 | -5/Waste | Discovered new exit (range 12) 12022 | -5/Waste | Found Broken Adv. Powered Armor 12026 | -5/Waste | Identified exit to Factory 12027 | -5/Waste | Entered Factory 12202 | -5/Factory | Spotted B-75 Beast 12357 | -5/Factory | Lost 3 parts (1n2u) 12481 | -5/Factory | Destroyed B-75 Beast 12555 | -5/Factory | Fabricated Gatling Laser (x2) 13409 | -5/Factory | Lost 3 parts (1n2u) 13627 | -5/Factory | Build established: Scavenger-Skirmisher 13889 | -5/Factory | Discovered new exit (range 8) 14084 | -5/Factory | Fabricated Gatling Laser (x2) 14113 | -5/Factory | Identified exit to Factory 14427 | -5/Factory | First assault squad dispatched 14528 | -5/Factory | Found Prototype Launcher 14528 | -5/Factory | Identified Mni. Smartbomb Launcher 14567 | -5/Factory | Watched by a mysterious "MATRIX" hacker 14815 | -5/Factory | Entered Upper Caves 14823 | -5/Upper Caves | Attracted the attention of an 0b10 checkpoint 15048 | -5/Upper Caves | Learned location of 1 exit from Factory 15455 | -5/Upper Caves | Spotted B-75 Beast 15468 | -5/Upper Caves | Destroyed B-75 Beast 15537 | -5/Upper Caves | Discovered new exit (range 6) 15543 | -5/Upper Caves | Identified exit to Upper Caves 15544 | -5/Upper Caves | Entered another Upper Caves area 15575 | -5/Upper Caves | Attracted the attention of an 0b10 outpost 15630 | -5/Upper Caves | Destroyed 7 combat bots 15792 | -5/Upper Caves | Build established: Scavenger-Tank 15937 | -5/Upper Caves | Discovered new exit (range 11) 15945 | -5/Upper Caves | Identified exit to Zhirov 15983 | -5/Upper Caves | Found Alien Artifact 15983 | -5/Upper Caves | Identified Dimensional Node Initializer 15983 | -5/Upper Caves | Initialized slip node 15998 | -5/Upper Caves | Entered Zhirov 15998 | -5/Zhirov | Accompanied by 1 ally 15998 | -5/Zhirov | Discovered new exit (range 3) 16016 | -5/Zhirov | Met Zhirov 16034 | -5/Zhirov | Learned location of Quarantine (-3) 16053 | -5/Zhirov | Zhirov requested help retrieving the SGEMP Prototype 16073 | -5/Zhirov | Found Alien Artifact 16073 | -5/Zhirov | Identified Integrated Reactor 16073 | -5/Zhirov | Installed Integrated Reactor, increased core energy generation (+10) 16160 | -5/Zhirov | Identified exit to Proximity Caves 16166 | -5/Zhirov | Entered Proximity Caves 16166 | -4/Proximity Caves | Accompanied by 1 ally 16174 | -4/Proximity Caves | Learned 8 Research zone layouts 16218 | -4/Proximity Caves | Spotted B-86 Titan 16248 | -4/Proximity Caves | Spotter reported a threat 16289 | -4/Proximity Caves | Acquired the password to a Derelict Tinkerer's latest research 16336 | -4/Proximity Caves | Found Prototype Special Weapon 16338 | -4/Proximity Caves | Spotter reported a threat 16396 | -4/Proximity Caves | Spotter reported a threat 16523 | -4/Proximity Caves | Attracted the attention of an 0b10 outpost 16632 | -4/Proximity Caves | Caught by Unaware searching for contraband prototypes 16640 | -4/Proximity Caves | Core integrity fell below 50% 16653 | -4/Proximity Caves | Lost 5 parts (2n3u) 16661 | -4/Proximity Caves | Destroyed 8 combat bots 16694 | -4/Proximity Caves | Discovered exit to Factory (range 20) 16723 | -4/Proximity Caves | Entered Factory 16723 | -4/Factory | Evolved 2 slots: Power x1, Utility x1 16724 | -4/Factory | Identified exit to Research 16883 | -4/Factory | Identified Molecular Deconstructor 16973 | -4/Factory | Search patrols dispatched 17192 | -4/Factory | Discovered new exit (range 6) 17195 | -4/Factory | Identified exit to Extension 17248 | -4/Factory | Discovered exit to Research (range 14) 17610 | -4/Factory | Repaired Gatling Laser+ 17666 | -4/Factory | Repaired Gatling Laser+ 17741 | -4/Factory | Found Prototype Processor 17741 | -4/Factory | Identified Exp. Terrain Scan Processor 17947 | -4/Factory | Entered Extension 17997 | -4/Extension | Build established: Scavenger-Skirmisher 18108 | -4/Extension | Spotted B-86 Titan 18163 | -4/Extension | Destroyed B-86 Titan 18176 | -4/Extension | Spotted B-86 Titan 18185 | -4/Extension | Lost 13 parts (2p4n4u3w) 18272 | -4/Extension | Disrupted transfer network 18567 | -4/Extension | Core integrity fell below 50% 18598 | -4/Extension | Lost 6 parts (2p3n1u) 18827 | -4/Extension | Lost 4 parts (2u2w) 18883 | -4/Extension | Core integrity fell below 20% 18982 | -4/Extension | Destroyed by H-77 Assassin with Coil Gun Last Messages --------------- 18959_ PA-24D(g) destroyed. 18959_ Slug penetrates Z9-U7U(b). 18959_ Slug penetrates Wall. 18959_ Penetrated by Slug. 18960_ Attempting to rewire 3L-C0D(g). 18960_ Destroyed Imp. Phase Shifter. 18960_ H-77 Assassin system corrupted by crushing effect. 18961_ H-77 Assassin system terminally corrupted. 18961_ Attempting to rewire 3L-C0D(g). 18962_ Slug penetrates Wall. 18963_ Attempting to rewire 3L-C0D(g). 18965_ System corrupted: Component data lost. 18965_ Attempting to rewire 3L-C0D(g). 18967_ Slug penetrates Wall. 18969_ U-05 Engineer lays Concrete. 18970_ U-05 Engineer builds a Wall. 18979_ U-05 Engineer lays Concrete. 18982_ Slug penetrates Wall. Map ----- +----------------------------------------------------+ | | | | | | | | | | | | | | | | | | | | | | | | | | | | | | | | | | | | | ?????????#?######????????????????? | | ????????? ## # ####?????????????? | | ??#########! # #?#####???????? | | ??# !##### ### / #???????? | | ??# ]+*==% #???????? | | ??# [h#%##+###### #???????? | | ??####### ##[##%[ ## ##???????? | | ????????#@## ##= ## ########## | | ???????## ## ##%* ## | | ???????## ## ##! ** ############# | | ???????## # # * #???????????? | | ???????## # + #???????????? | | ?????#### # ## #####???????????? | | ?????# ### #??????????????? | | ?????# #######?????????????? | | ?????# ### ############### | | ?????# T | | ?????# ######### ############### | | ?????# ##??????#####?????????????? | | ?????# ##????????????????????????? | | ?????#^##????????????????????????? | | ?????#^##????????????????????????? | | ?????# ##????????????????????????? | | ?????# #?????????????????????????? | | ?????# #?????????????????????????? | | ?????# #?????????????????????????? | | ?????# #?????????????????????????? | | ?????# #?????????????????????????? | | ?????# #?????????????????????????? | | ?????# #?????????????????????????? | | ?????# #?????????????????????????? | | ?????# #?????????????????????????? | +----------------------------------------------------+ Best States ------------- Heat Dissipation 119 Energy Generation 51 Energy Capacity 565 Matter Stores 392 Matter Capacity 450 Sight Range 22 Robot Scan Range 16 Terrain Scan Density 1010 Jamming Range 14 Additional Mass Support 9 Armor Coverage 1050 Resistance: KI 20 Resistance: TH 15 Power Shielding 66 Weapon Cycling 20 Evasion (%) 50 Targeting Accuracy 6 Target Analysis 8 Recoil Reduction 2 Matter Filtering 30 Kinecelleration 30 Authchip Count 1 Item Schematics ----------------- Gatling Laser | -7/Factory | Scanalyzed Adv. Powered Armor | -5/Factory | Scanalyzed Lyr. Heavy Armor Plating | -5/Factory | Scanalyzed Assault Drone Bay | -5/Zhirov | Free Exp. Heat Sink | -5/Zhirov | Free Exp. Optical Array | -5/Zhirov | Free Imp. Arc Thrower | -5/Zhirov | Free Robot Schematics ------------------ None Fabricated ------------ Gatling Laser | x2 | -7/Factory | Authchip Gatling Laser | x2 | -5/Factory | Authchip Gatling Laser | x2 | -5/Factory | Authchip Gatling Laser | x2 | -5/Factory | Authchip Repaired ---------- Lgt. Treads | 60% | -10/Materials Assault Rifle | 30% | -10/Materials Lgt. Treads | 85% | -10/Materials Gatling Laser | 56% | -7/Factory Imp. Light Armor Plating | 32% | -7/Storage Gatling Laser | 9% | -4/Factory Gatling Laser | 2% | -4/Factory Studied --------- Com. Wheel | -8/Materials | Hacked Lgt. Treads | -8/Materials | Hacked Lgt. Cannon | -8/Materials | Hacked Wheel | -7/Factory | Hacked Imp. Treads | -7/Factory | Hacked Rocket Launcher | -7/Factory | Hacked Hvy. Assault Rifle | -7/Factory | Hacked Gatling Laser | -7/Factory | Hacked Wave Gun | -5/Factory | Hacked Alien Tech Used ----------------- Dimensional Node Initializer Integrated Reactor Achievements -------------- Gunslinger Insider Info Challenges ------------ None Game ------ Seed PhaseChainMask Manual? 0 Play Time 03:12:20 Cumulative 122.6 hours Start 2026.07.04 @ 13:09:12 End 2026.07.04 @ 16:23:35 Sessions 1 Manual Loads 0 Difficulty Rogue Special Mode None Game No. 55 Rogue 54 Adventurer 1 Explorer 0 Win Type - Total 1 Types 1/0/0/0/0/0/0/0/0/0 Lore% 44 Gallery% 42 Achievement% 35 Wizard Run 0 Options --------- Layout 1 ASCII 0 Keyboard 0 Movement Numpad Keybinds 0 Fullscreen 1 Font 24/Smallcaps Map View 50x35 Zoom Use 0% Tactical HUD 1 Map Filters NONE Filters NONE Steam 1 RUN: 56dd8003-936d-4908-a5ae-ca9ccd26ef9c